 Dungeon Crawl Stone Soup version 0.22.0 (webtiles) character file.

4 ventricule the Sneak (level 1, -1/11 HPs)
             Began as a Halfling Enchanter on Aug 11, 2018.
             Slain by a hobgoblin (3 damage)
             ... on level 1 of the Dungeon.
             The game lasted 00:00:42 (56 turns).

ventricule the Sneak (Halfling Enchanter)             Turns: 56, Time: 00:00:42

Health: -1/11      AC:  2    Str:  9    XL:     1   Next: 66%
Magic:  2/3        EV: 15    Int: 13    God:
Gold:   0          SH:  0    Dex: 14    Spells: 2/3 levels left

rFire    . . .     SeeInvis .   a - +1 dagger
rCold    . . .     Gourm    .   (shield restricted)
rNeg     . . .     Faith    .   b - +0 robe
rPois    .         Spirit   .   (no helmet)
rElec    .         Reflect  .   (no cloak)
rCorr    .         Harm     .   (no gloves)
MR       .....                  (no boots)
Stlth    ++........             (no amulet)
HPRegen  0.03/turn              (no ring)
MPRegen  0.08/turn              (no ring)

@: no status effects
A: small, mutation resistance 1
a: no special abilities


You were on level 1 of the Dungeon.
You were not hungry.

You visited 1 branch of the dungeon, and saw 1 of its levels.

Inventory:

Hand Weapons
 a - a +1 dagger (weapon)
Armour
 b - a +0 robe (worn)
Comestibles
 c - 2 chunks of flesh
 e - 2 rations


   Skills:
 + Level 1.4 Short Blades
 + Level 2.3 Dodging
 + Level 3.3 Stealth
 - Level 1.5 Spellcasting
 + Level 2.4 Hexes


You had 2 spell levels left.
You knew the following spells:

 Your Spells              Type           Power        Failure   Level  Hunger
v - Corona                Hex            #......      10%         1    ##.....

Your spell library contained the following spells:

 Spells                   Type           Power        Failure   Level  Hunger
 Confuse                  Hex            #.......     28%         3    ####...
 Tukima's Dance           Hex            #.......     28%         3    ####...
 Ensorcelled Hibernation  Hex/Ice        #.....       24%         2    ###....
 Dazzling Spray           Conj/Hex       #.....       43%         3    ####...


Dungeon Overview and Level Annotations

Branches:
Dungeon (1/15)

Altars:


Innate Abilities, Weirdness & Mutations

You are small and have problems with some larger weapons.
You are somewhat resistant to further mutation.


Message History

* * * LOW HITPOINT WARNING * * *
The bat misses you.
You take 2 damage, and have 5/11 hp.
You hit the bat.
You kill the bat!
The giant cockroach closely misses you.
You hit the giant cockroach.
You kill the giant cockroach!
Aim: a hobgoblin (chance to defeat MR: 59%)
The hobgoblin is outlined in light.
The hobgoblin completely misses you.
You now have 2/3 mp.
You hit the hobgoblin. The hobgoblin closely misses you.
You hit the hobgoblin but do no damage. The hobgoblin closely misses you.
You hit the hobgoblin but do no damage. The hobgoblin hits you.
* * * LOW HITPOINT WARNING * * *
You take 3 damage, and have 2/11 hp.
MASSIVE DAMAGE!!
You hit the hobgoblin. You closely miss the hobgoblin. The hobgoblin hits you.
You die...

#.....# #...# ##..#
#.....# #...##...# ##
#.....# #...#..### .
...##.....#
#......?.#..#
.........#
#..........#
##.....###...!.....##
#....gl......#...###
#.#.#######.##.....#
#lg@†......+......#
###!.#.##.##.......#
#..# ..###.......
#..# ### l...... #...
....... ##.## ##


You could see a hobgoblin and a frilled lizard.

Vault maps used:
D:1:      minmay_arrival_diagonal_passages, tso_metal_star

Notes
Turn   | Place    | Note
-------+----------+-------------------------------------------
     0 | D:1      | ventricule the Halfling Enchanter began the quest for the Orb.
     0 | D:1      | Reached XP level 1. HP: 11/11 MP: 3/3
    54 | D:1      | HP: 2/11 [hobgoblin (3)]
    56 | D:1      | Slain by a hobgoblin

Table legend:
 A = Turns spent in this place as a percentage of turns spent in the entire game.
 B = Non-inter-level travel turns spent in this place as a percentage of non-inter-level travel turns spent in the entire game.
 C = Inter-level travel turns spent in this place as a percentage of turns spent in this place.
 D = Turns resting spent in this place as a percentage of non-inter-level travel turns spent in this place.
 E = Turns spent auto-exploring this place as a percentage of non-inter-level travel turns spent in this place.
 F = Non-inter-level travel turns spent in this place divided by the number of levels of this place that you've seen.
                   A       B       C       D       E      F
               +-------+-------+-------+-------+-------+----------------------
         Total | 100.0 | 100.0 |   0.0 |   0.0 |  21.4 |  56.0
       Dungeon | 100.0 | 100.0 |   0.0 |   0.0 |  21.4 |  56.0
               +-------+-------+-------+-------+-------+----------------------

Table legend:
 A = Kills in this place as a percentage of kills in entire the game.
 B = Kills by you in this place as a percentage of kills by you in the entire game.
 C = Kills by friends in this place as a percentage of kills by friends in the entire game.
 D = Other kills in this place as a percentage of other kills in the entire game.
 E = Experience gained in this place as a percentage of experience gained in the entire game.
 F = Experience gained in this place divided by the number of levels of this place that you have seen.
                   A       B       C       D       E      F
               +-------+-------+-------+-------+-------+----------------------
         Total | 100.0 | 100.0 |   N/A |   N/A | 100.0 |   6.0
       Dungeon | 100.0 | 100.0 |   N/A |   N/A | 100.0 |   6.0
               +-------+-------+-------+-------+-------+----------------------

Action                   || total
-------------------------++-------
Melee: Dagger            ||    23
 Cast: Corona            ||     1
 Stab: Sleeping          ||     1
Armor: Robe              ||     7
Dodge: Dodged            ||    32

Vanquished Creatures
  A bat (D:1)
  2 giant cockroaches (D:1)
3 creatures vanquished.
